 Dungeon Crawl Stone Soup version 0.21.0-24-g2553a33 (webtiles) character file.

299 Monsterracer the Ruffian (level 6, -1/37 HPs)
             Began as a Gargoyle Transmuter on Jan 19, 2018.
             Was a Follower of Okawaru.
             Killed by divine providence
             ... invoked by an orc priest
              (12 damage)
             ... on level 3 of the Dungeon.
             The game lasted 00:04:42 (3246 turns).

Monsterracer the Ruffian (Gargoyle Transmuter)      Turns: 3246, Time: 00:04:43

Health: -1/37      AC:  6    Str: 16    XL:     6   Next: 36%
Magic:  9/9        EV: 12    Int: 13    God:    Okawaru [*.....]
Gold:   133        SH:  0    Dex: 10    Spells: 1/9 levels left

rFire    . . .     SeeInvis .     - Unarmed
rCold    . . .     Gourm    .   (no shield)
rNeg     + . .     Faith    .   b - +0 robe
rPois    ∞         Spirit   .   (no helmet)
rElec    +         Reflect  .   (no cloak)
rCorr    .         Harm     .   (no gloves)
MR       .....                  (no boots)
Stlth    +.........             (no amulet)
HPRegen  0.12/turn              i - ring of wizardry
MPRegen  0.11/turn              (no ring)

@: no status effects
A: negative energy resistance 1, electricity resistance, unbreathing,
petrification resistance, rot immunity, AC +4
a: Heroism, Renounce Religion


You were on level 3 of the Dungeon.
You worshipped Okawaru.
Okawaru was aware of your devotion.
You were near starving.

You visited 1 branch of the dungeon, and saw 3 of its levels.

You collected 133 gold pieces.

Inventory:

Missiles
 a - 54 arrows
Armour
 b - a +0 robe (worn)
 f - a +0 large shield
 q - a +0 ring mail
Jewellery
 i - a ring of wizardry (left hand)
Scrolls
 e - a scroll of enchant armour {unknown}
 g - a scroll of random uselessness {unknown}
 h - a scroll of immolation {unknown}
 j - a scroll of amnesia {unknown}
 k - a scroll of magic mapping {unknown}
 l - a scroll of remove curse {unknown}
 n - 5 scrolls of enchant weapon {unknown}
 o - 2 scrolls of identify {unknown}
 r - a scroll of fog {unknown}
Potions
 d - a potion of curing {unknown}
 m - 3 potions of flight {unknown}
 p - a potion of heal wounds {unknown}
 s - a potion of might {unknown}
Comestibles
 c - 8 rations


   Skills:
 + Level 3.2 Fighting
 - Level 2.1 Dodging
 * Level 5.2 Unarmed Combat
 - Level 2.0 Spellcasting
 + Level 2.8 Transmutations


You had one spell level left.
You knew the following spells:

 Your Spells              Type           Power        Failure   Level  Hunger
a - Beastly Appendage     Tmut           #.....       3%          1    ##.....
b - Sticks to Snakes      Tmut           #.......     4%          2    ###....
d - Blade Hands           Tmut           #.........   61%         5    ######.


Dungeon Overview and Level Annotations

Branches:
Dungeon (3/15)

Altars:
Okawaru
Sif Muna


Innate Abilities, Weirdness & Mutations

You are resistant to torment.
Your stone body is resilient. (AC +4)
You are immune to poison.
You resist negative energy. (rN+)
You are resistant to electric shocks. (rElec)
You can survive without breathing.
You are immune to petrification.
You are immune to rotting.


Message History

Grinder dies!
Okawaru is honoured by your kill.
You can now gain great but temporary skills.
Your Fighting skill increases to level 3!
Your Unarmed Combat skill increases to level 5!
You have reached level 6!
Your experience leads to an increase in your attributes!
Increase (S)trength, (I)ntelligence, or (D)exterity?
You feel stronger.
Your ball python looks stronger.
You can move again.
You take 12 damage, and have 9/37 hp.
MASSIVE DAMAGE!!
You start resting.
Your ball python withers and dies!
Magic restored.
You regained 3 hp, and now have 12/37 hp.
MP restored: 9 You are near starving!
You regained 15 hp, and now have 27/37 hp.
HP restored.
There is an escape hatch in the floor here.
A frilled lizard comes into view.
Health restored: 37 A frilled lizard is nearby!
A frilled lizard is nearby!
The frilled lizard bites you but does no damage.
You hit the frilled lizard.
You kill the frilled lizard!
Okawaru accepts your kill.
No target in view!
No target in view!
An orc priest comes into view. It is wielding a trident.
The orc priest shouts!
You hear a shout! x2
An orc priest is nearby!
An orc comes into view. It is wielding a club.
The orc moves out of view.
Casting: Sticks to Snakes
Confirm with . or Enter, or press ? or * to list all spells.
Okay, then.
Casting: Sticks to Snakes
Confirm with . or Enter, or press ? or * to list all spells.
You create a snake!
You now have 54 arrows.
You now have 7/9 mp.
The orc shouts!
The orc priest hits you from afar with a trident.
Your adder closely misses the orc priest.
An orc comes into view. It is wielding a short sword.
You take 1 damage, and have 36/37 hp.
Your adder barely misses the orc priest.
The orc priest closely misses you.
You completely miss the orc priest.
Your adder closely misses the orc priest.
The orc priest begins to cast a cantrip, but forgets the words!
An orc comes into view. It is wielding a trident of venom.
Health restored: 37 You closely miss the orc priest.
Your adder misses the orc priest.
Your adder completely misses the orc priest.
You barely miss the orc priest.
Your adder bites the orc.
You hit the orc. Your punch misses the orc.
The orc is severely wounded.
The orc priest barely misses you. The orc completely misses your adder.
Your adder bites the orc.
An orc comes into view.
You punch the orc!
You kill the orc!
Okawaru accepts your kill.
Your adder barely misses the orc.
Your adder closely misses the orc.
The orc priest misses you. The orc closely misses your adder.
Your adder barely misses the orc priest.
The orc misses your adder.
Your adder bites the orc priest but does no damage.
The orc priest invokes the aid of Beogh against you.
Beogh smites you!
You take 13 damage, and have 24/37 hp.
MASSIVE DAMAGE!!
What are your orders? t - Shout!
Orders for allies: a - Attack new target. r - Retreat! s - Stop attacking. g - Guard the area. f - Follow me.
Anything else - Cancel.
Gang up on whom?
Press: ? - help, Dir - move target cursor, f - orc priest
Aim: an orc priest, wielding a trident and wearing a leather armour Attack!
Your adder bites the orc priest.
The orc hits you but does no damage. The orc barely misses your adder.
Your adder bites the orc priest but does no damage.
Your adder closely misses the orc priest.
MP restored: 9 The orc closely misses you.
The orc priest mumbles some strange prayers to Beogh against you.
Beogh smites you!
* * * LOW HITPOINT WARNING * * *
Your adder barely misses the orc priest.
Something hits your adder.
You take 15 damage, and have 10/37 hp.
MASSIVE DAMAGE!!
The orc priest looks encouraged for a moment.
The orc priest invokes the aid of Beogh against you.
Beogh smites you!
You die...

#..# #.##.##.....<..##
#..# #.##.##.#........
#..# #.##.##..<.#...(.
#..# #.............###
#o.#####..#####...#).#
#
#S..............(##..#
#
#.######..#########).#
# #.######..# #..###
#..o..o@..# #..##.
########.## #..##. #.#
#..... #.#
########.....
#.###........#...
#......########..
#####..########..
#.......>...#
#.#########.#


You could see an orc priest and an orc.

Vanquished Creatures
  Jessica (D:2)
  A worker ant (D:3)
  7 adders
  An ooze (D:3)
  A dart slug (D:2)
  An orc (D:3)
  5 goblins
  5 hobgoblins
  6 kobolds
  4 bats
  4 frilled lizards
  4 rats
  A plant (D:1)
41 creatures vanquished.

Vanquished Creatures (collateral kills)
  Grinder (D:3)
1 creature vanquished.

Grand Total: 42 creatures vanquished

Notes
Turn   | Place    | Note
-------+----------+-------------------------------------------
     0 | D:1      | Monsterracer the Gargoyle Transmuter began the quest for the Orb.
     0 | D:1      | Reached XP level 1. HP: 12/12 MP: 3/3
   393 | D:1      | Reached XP level 2. HP: 16/16 MP: 3/5
   397 | D:1      | Learned a level 2 spell: Sticks to Snakes
  1252 | D:2      | HP: 8/16 [adder (2)]
  1261 | D:2      | Reached XP level 3. HP: 6/20 MP: 2/6
  1656 | D:2      | HP: 10/21 [adder (2)]
  1854 | D:2      | Found a deep blue altar of Sif Muna.
  1916 | D:2      | Found an iron altar of Okawaru.
  1942 | D:2      | Became a worshipper of Warmaster Okawaru
  1999 | D:2      | Noticed Jessica
  2008 | D:2      | Killed Jessica
  2008 | D:2      | Reached XP level 4. HP: 22/26 MP: 5/7
  2076 | D:2      | Reached skill level 4 in Unarmed Combat
  2475 | D:3      | Reached XP level 5. HP: 30/31 MP: 8/8
  2515 | D:3      | Learned a level 5 spell: Blade Hands
  2933 | D:3      | Noticed Grinder
  2946 | D:3      | Paralysed by Grinder for 7 turns
  2951 | D:3      | HP: 12/31 [Grinder (6)]
  2953 | D:3      | Killed Grinder
  2953 | D:3      | Reached * piety under Okawaru
  2953 | D:3      | Reached skill level 5 in Unarmed Combat
  2953 | D:3      | Reached XP level 6. HP: 9/37 MP: 6/9
  3241 | D:3      | HP: 10/37 [orc priest/divine providence (15)]
  3246 | D:3      | Killed from afar by an orc priest

Skill      XL: |  1  2  3  4  5 |
---------------+----------------+-----
Dodging        | 2 |  2.1
Transmutations | 2 |  2.8
Fighting       | 2 3 |  3.2
Unarmed Combat | 4 5 |  5.2
Spellcasting   | |  2.0

Action                   |  1- 3 |  4- 6 || total
-------------------------+-------+-------++-------
Melee: Unarmed           |   156 |    98 ||   254
       Headbutt          |    10 |       ||    10
       Kick              |     2 |       ||     2
       Punch             |     1 |     2 ||     3
 Cast: Beastly Appendage |     9 |       ||     9
       Sticks to Snakes  |     1 |     3 ||     4
  Eat: Chunk             |     4 |     2 ||     6
Armor: Robe              |    46 |    21 ||    67
Dodge: Dodged            |    97 |    65 ||   162

Vault maps used:
D:1:      minmay_arrival_widening_spiral_wide, serial_forest,
          infiniplex_forest_diagonal, infiniplex_forest_clump_tiny,
          infiniplex_forest_corner_2, infiniplex_forest_lined_1,
          infiniplex_forest_end_2
D:2:      led_sif_pool, st_stairs_6, okawaru_gym_becter, uniq_jessica
D:3:      nemelex_xobeh_ov_fountains_minmay, uniq_grinder
